Map: Overgrowth LE (Void)

Players

Musumeci

  • Race: Zerg Zerg
  • League: Diamond
  • Spawn Location: 7:00

BarelyAlive - Winner!

  • Race: Protoss Protoss
  • League: Diamond
  • Spawn Location: 1:00

VOD

Have the link to the VOD?

Description

Time

  • Played on: Jan. 23, 2017, 4:48 p.m.
  • Length: 32:48
Show
View Real Time Build Order
Export as new Build Order

Musumeci Zerg 

Build Orders: Hatch First 

Get SALT Encoding   

  12  0:01  Drone  
  13  0:09  Drone  
  14  0:20  Drone, Extractor  
  15  0:42  Hatchery  
  14  0:48  Drone, Extractor  
  15  1:03  Spawning Pool  
  14  1:11  Extractor  
  14  1:12  Drone x2, Extractor  
  14  1:21  Overlord  
  14  1:39  Drone x2  
  16  1:44  Drone  
  19  1:57  Drone  
  19  2:00  Drone  
  21  2:05  Drone  
  23  2:08  Zergling x2  
  23  2:13  Metabolic Boost  
  23  2:16  Drone x2  
  23  2:18  Queen  
  25  2:27  Queen  
  27  2:36  Zergling x2  
  28  2:48  Overlord  
  28  2:50  Overlord  
  27  3:09  Hatchery  
  27  3:10  Drone x2  
  27  3:11  Drone  
  29  3:14  Drone  
  31  3:27  Drone x4  
  34  3:37  Lair  
  34  3:40  Extractor  
  33  3:43  Roach Warren  
  33  3:47  Drone, Evolution Chamber  
  32  3:51  Drone  
  32  3:52  Drone x3  
  36  3:58  Drone x2  
  36  4:00  Drone, Extractor  
  38  4:11  Drone x5  
  43  4:23  Zerg Missile Weapons Level 1  
  43  4:25  Overlord  
  43  4:27  Drone x3  
  43  4:28  Drone  
  47  4:32  Queen  
  49  4:45  Burrow  
  49  4:51  Extractor  
  47  5:02  Drone  
  47  5:03  Drone x9  
  57  5:08  Overlord x2  
  57  5:09  Overlord  
  57  5:12  Overlord  
  57  5:20  Overlord x3  
  57  5:25  Glial Reconstitution  
  57  5:34  Roach x5  
  67  5:49  Roach  
  81  5:50  Roach x6  
  72  6:24  Drone x2  
  72  6:25  Queen, Drone x15  
  80  7:01  Queen  
  80  7:04  Extractor  
  80  7:05  Drone x4, Extractor  
  84  7:09  Drone x2  
  86  7:16  Zerg Missile Weapons Level 2  
  86  7:18  Drone  
  86  7:19  Drone  
  86  7:20  Overlord x5  
  88  7:27  Roach x3  
  94  7:35  Overlord x2  
  94  7:47  Drone  
  94  7:48  Drone x7  
  102  7:55  Overlord x2  
  104  7:58  Roach  
  104  7:59  Roach  
  104  8:00  Roach  
  104  8:05  Roach x5  
  118  8:14  Spine Crawler  
  118  8:17  Spine Crawler x2  
  118  8:18  Roach  
  118  8:19  Roach x5  
  127  8:29  Roach  
  127  8:30  Roach x5  
  127  8:33  Ravager x13  
  127  8:34  Ravager x3  
  155  8:36  Overseer  
  155  8:38  Overseer  
  155  8:44  Roach x4  
  155  8:45  Ravager x3  
  155  8:46  Ravager x2  
  95  9:42  Roach x15  
  108  10:00  Roach x6  
  115  10:13  Zerg Ground Armor Level 1, Spire  
  114  10:18  Hatchery  
  114  10:19  Extractor  
  114  10:20  Extractor  
  111  10:21  Roach  
  111  10:22  Roach x5  
  85  11:27  Mutalisk x9  
  85  11:28  Mutalisk x7  
  117  11:35  Roach x6  
  117  11:36  Roach  
  117  11:37  Drone x8  
  139  11:44  Queen  
  141  11:48  Roach x3  
  141  11:51  Drone x2  
  149  11:57  Roach  
  151  12:05  Overlord, Corruptor  
  151  12:06  Overlord x4  
  155  12:22  Roach  
  155  12:23  Roach x2  
  155  12:24  Overlord x5  
  149  12:55  Corruptor x10  
  161  13:05  Mutalisk x6  
  161  14:12  Roach x15  
  161  14:13  Roach x4  
  169  15:07  Corruptor  
  169  15:08  Corruptor x12  
  165  15:37  Hatchery  
  165  15:40  Extractor  
  165  15:41  Hatchery  
  165  15:42  Extractor  
  161  15:44  Roach x12  
  161  15:45  Roach x2  
  183  16:17  Overseer x5  
  181  16:28  Corruptor x7  
  185  16:54  Ravager  
  185  16:55  Ravager x4  
  185  17:00  Extractor  
  189  17:04  Extractor  
  113  17:44  Roach x8  
  113  17:45  Roach x16  
  155  17:58  Roach x4  
  155  17:59  Roach x3  
  165  18:22  Zerg Flyer Weapons Level 1  
  165  18:41  Infestation Pit  
  144  19:05  Hydralisk Den  
  140  19:24  Hive  
  140  19:26  Zerg Ground Armor Level 2  
  140  19:44  Hatchery  
  139  19:55  Muscular Augments, Hydralisk x5  
  139  19:56  Hydralisk x25  
  199  20:21  Zerg Flyer Weapons Level 2  
  199  20:27  Roach x20  
  199  20:36  Roach x16  
  199  20:47  Tunneling Claws  
  199  21:33  Extractor  
  199  21:37  Roach x3  
  174  21:58  Hydralisk x4  
  174  21:59  Hydralisk x9  
  200  22:17  Evolution Chamber x2  
  200  22:20  Viper x3  
  200  22:21  Evolution Chamber  
  198  22:23  Evolution Chamber x2  
  198  22:26  Evolution Chamber  
  198  22:27  Evolution Chamber  
  198  22:28  Viper  
  198  22:29  Viper x3  
  198  22:47  Evolution Chamber  
  196  23:00  Zerg Missile Weapons Level 3  
  196  23:21  Overseer  
  196  23:23  Overseer x3  
  196  23:26  Pneumatized Carapace  
  194  23:59  Spore Crawler  
  194  24:01  Drone x2, Spore Crawler  
  194  24:02  Drone x4  
  198  24:03  Drone x2, Spore Crawler  
  198  24:05  Spore Crawler  
  198  24:06  Spore Crawler  
  198  24:08  Spore Crawler  
  198  24:09  Spore Crawler  
  195  24:11  Spore Crawler  
  194  24:30  Extractor  
  194  24:31  Hatchery  
  192  24:35  Extractor  
  180  25:10  Overseer x2  
  141  25:52  Hydralisk x10  
  161  26:01  Viper x6  
  179  26:08  Spore Crawler x2  
  179  26:10  Spore Crawler  
  166  26:12  Spore Crawler  
  166  26:14  Spore Crawler  
  166  26:16  Spore Crawler  
  166  26:17  Spore Crawler  
  152  26:27  Zerg Ground Armor Level 3  
  152  26:51  Roach  
  152  26:54  Spore Crawler  
  152  26:57  Spore Crawler  
  152  27:00  Spore Crawler  
  128  27:04  Spore Crawler  
  128  27:06  Spore Crawler  
  98  27:16  Hydralisk  
  98  27:17  Hydralisk x20  
  98  27:18  Hydralisk x2  
  96  28:19  Hydralisk x5  
  65  28:31  Zergling x4  
  65  28:32  Zergling x58  
  65  28:33  Zergling x2  
  97  28:52  Zergling x4  
  97  28:53  Zergling x10  
  104  29:06  Hatchery  
  80  29:46  Zergling x4  
  80  29:47  Zergling x24  
  10  32:42  Extractor  
Show
View Real Time Build Order
Export as new Build Order

BarelyAlive Protoss - Winner!

Build Orders:  

Get SALT Encoding   

  12  0:02  Probe (Chrono Boost)  
  13  0:12  Probe (Chrono Boost)  
  14  0:23  Probe (Chrono Boost)  
  15  0:32  Pylon  
  15  0:51  Probe (Chrono Boost)  
  16  1:01  Probe (Chrono Boost)  
  17  1:15  Nexus  
  17  1:18  Forge  
  17  1:20  Probe (Chrono Boost)  
  18  1:32  Pylon  
  18  1:35  Probe (Chrono Boost)  
  19  1:46  Gateway, Probe (Chrono Boost)  
  20  1:52  Assimilator  
  20  1:56  Probe (Chrono Boost)  
  21  2:03  Assimilator  
  21  2:07  Probe (Chrono Boost)  
  22  2:17  Photon Cannon, Probe (Chrono Boost)  
  23  2:28  Probe (Chrono Boost)  
  24  2:37  Cybernetics Core  
  24  2:38  Probe (Chrono Boost)  
  24  2:43  Photon Cannon, Probe (Chrono Boost)  
  26  2:49  Probe (Chrono Boost)  
  27  2:53  Probe (Chrono Boost)  
  27  2:58  Pylon  
  28  3:00  Probe (Chrono Boost)  
  28  3:04  Probe (Chrono Boost)  
  30  3:10  Warp Gate, Probe (Chrono Boost)  
  31  3:14  Probe (Chrono Boost)  
  32  3:20  Twilight Council  
  32  3:21  Probe (Chrono Boost)  
  32  3:25  Probe (Chrono Boost)  
  34  3:31  Gateway  
  34  3:33  Mothership Core (Chrono Boost)  
  36  3:37  Pylon, Probe (Chrono Boost)  
  37  3:46  Resonating Glaives  
  37  3:52  Gateway  
  37  3:53  Probe (Chrono Boost)  
  37  3:54  Gateway  
  38  3:59  Probe (Chrono Boost)  
  39  4:03  Adept  
  39  4:08  Probe (Chrono Boost)  
  43  4:11  Assimilator, Probe (Chrono Boost)  
  43  4:12  Assimilator  
  43  4:20  Adept  
  45  4:29  Photon Cannon  
  45  4:30  Probe (Chrono Boost)  
  46  4:34  Robotics Facility  
  46  4:36  Adept, Probe (Chrono Boost)  
  49  4:43  Adept  
  51  4:49  Probe (Chrono Boost)  
  55  5:01  Probe (Chrono Boost)  
  55  5:06  Pylon  
  53  5:13  Probe (Chrono Boost)  
  54  5:18  Adept x4  
  62  5:29  Pylon, Immortal  
  66  5:39  Robotics Bay  
  66  5:46  Adept x2  
  66  5:48  Protoss Ground Weapons Level 1  
  71  5:50  Probe (Chrono Boost)  
  59  6:43  Disruptor  
  58  6:58  Robotics Facility, Stargate  
  58  6:59  Pylon  
  58  7:00  Stargate  
  59  7:02  Probe (Chrono Boost)  
  59  7:04  Pylon  
  59  7:05  Pylon  
  59  7:07  Pylon  
  59  7:10  Pylon  
  59  7:14  Stalker x2  
  59  7:15  Stalker  
  65  7:20  Observer  
  66  7:40  Disruptor, Pylon  
  69  7:52  Gateway  
  69  7:56  Disruptor, Pylon  
  72  8:02  Fleet Beacon  
  72  8:05  Nexus  
  72  8:11  Gateway  
  72  8:13  Gateway  
  72  8:17  Stalker  
  72  8:18  Stalker  
  76  8:23  Immortal  
  76  8:24  Protoss Air Weapons Level 1  
  80  8:37  Probe (Chrono Boost)  
  81  8:46  Anion Pulse-Crystals  
  81  8:50  Assimilator  
  81  8:55  Assimilator  
  64  9:44  Stalker  
  64  9:45  Stalker x2  
  64  10:02  Disruptor  
  64  10:03  Immortal  
  64  10:04  Carrier x2  
  83  10:08  Stargate  
  83  10:09  Probe (Chrono Boost)  
  84  10:15  Forge  
  84  10:18  Probe x2 (Chrono Boost)  
  84  10:20  Probe (Chrono Boost)  
  87  10:27  Pylon  
  87  10:29  Pylon  
  87  10:30  Probe x2 (Chrono Boost)  
  89  10:42  Probe (Chrono Boost)  
  89  10:44  Nexus  
  89  10:47  Immortal  
  89  10:48  Disruptor  
  86  11:20  Carrier  
  92  11:27  Immortal x2  
  92  11:30  Carrier  
  110  11:56  Probe (Chrono Boost)  
  111  12:01  Pylon  
  111  12:03  Pylon  
  111  12:07  Carrier, Probe (Chrono Boost)  
  118  12:13  Immortal  
  122  12:17  Probe (Chrono Boost)  
  123  12:24  Probe (Chrono Boost)  
  123  12:25  Probe (Chrono Boost)  
  123  12:28  Probe (Chrono Boost)  
  126  12:36  Probe (Chrono Boost)  
  126  12:37  Probe (Chrono Boost)  
  120  12:38  Probe (Chrono Boost)  
  112  12:49  Probe (Chrono Boost)  
  107  12:58  Blink  
  107  12:59  Probe (Chrono Boost)  
  107  13:03  Graviton Catapult  
  102  13:07  Phoenix  
  102  13:08  Phoenix  
  102  13:09  Stalker x3  
  112  13:30  Pylon  
  112  13:31  Pylon  
  105  14:04  Phoenix  
  105  14:09  Templar Archives  
  111  14:10  Stalker x4  
  111  15:00  Stalker x2  
  111  15:01  Stalker  
  117  15:25  High Templar x2  
  117  15:27  High Templar x2  
  131  15:30  Archon  
  131  15:31  Archon  
  131  15:33  Probe (Chrono Boost)  
  131  15:35  Pylon  
  132  15:44  Probe (Chrono Boost)  
  132  15:47  Photon Cannon  
  133  15:54  Probe (Chrono Boost)  
  128  16:00  Stargate x2, Pylon  
  128  16:03  Pylon  
  128  16:05  Probe (Chrono Boost)  
  129  16:49  Carrier x2  
  129  16:54  Photon Cannon  
  141  16:57  Photon Cannon  
  141  17:03  Photon Cannon  
  141  17:06  Photon Cannon  
  141  17:08  Photon Cannon  
  140  17:30  Nexus  
  128  17:56  High Templar  
  128  17:57  High Templar x3  
  136  18:02  Archon  
  136  18:03  Archon  
  134  18:31  Disruptor  
  137  18:51  Nexus  
  137  19:04  Pylon  
  137  19:07  Pylon  
  137  19:33  High Templar x2  
  141  19:40  Stalker x2  
  141  19:44  Assimilator  
  145  19:47  Carrier  
  145  19:49  Assimilator  
  151  20:01  Archon  
  151  20:08  Probe (Chrono Boost)  
  151  20:12  Mothership Core (Chrono Boost)  
  154  20:19  Probe (Chrono Boost)  
  153  20:43  Carrier  
  159  20:51  Pylon  
  159  20:57  Observer  
  160  21:05  Nexus  
  160  21:08  Assimilator  
  160  21:12  Assimilator  
  160  21:16  Carrier  
  160  21:17  Pylon  
  166  21:20  Pylon  
  160  21:59  Probe (Chrono Boost)  
  161  22:09  Probe (Chrono Boost)  
  162  22:16  Nexus  
  162  22:19  Pylon  
  162  22:20  Photon Cannon x2, Probe (Chrono Boost)  
  162  22:22  Photon Cannon  
  169  22:30  Probe (Chrono Boost)  
  169  22:31  Adept  
  172  22:41  Probe (Chrono Boost)  
  173  22:51  Probe (Chrono Boost)  
  173  22:52  Carrier  
  180  23:03  High Templar x2  
  180  23:04  Gateway  
  184  23:06  Gateway  
  184  23:09  Archon  
  184  23:13  Protoss Air Weapons Level 2, Photon Cannon  
  184  23:14  Photon Cannon  
  184  23:16  Pylon  
  184  23:22  Probe x2 (Chrono Boost)  
  184  23:23  Probe x2 (Chrono Boost)  
  188  23:28  Protoss Ground Weapons Level 2  
  188  23:29  Pylon  
  190  23:35  Pylon, Probe x2 (Chrono Boost)  
  190  23:38  Carrier  
  190  23:40  Pylon  
  194  24:00  Disruptor  
  197  24:03  Probe (Chrono Boost)  
  198  24:14  Probe (Chrono Boost)  
  199  24:22  Photon Cannon  
  199  24:23  Photon Cannon  
  199  24:25  Probe (Chrono Boost)  
  198  24:35  Probe (Chrono Boost)  
  193  24:52  Photon Cannon  
  193  24:53  Photon Cannon  
  193  24:54  Probe (Chrono Boost)  
  193  24:56  Photon Cannon  
  193  24:58  Photon Cannon  
  194  26:25  Charge  
  194  26:28  Photon Cannon  
  194  26:30  Photon Cannon  
  194  26:32  Photon Cannon  
  194  26:39  Psionic Storm  
  194  26:54  Gateway  
  194  26:55  Gateway, Photon Cannon  
  194  26:57  Gateway  
  191  27:20  Stalker x2  
  194  27:30  Observer  
  177  28:29  Nexus  
  177  29:16  Adept x5  
  177  29:17  Adept  
  149  30:42  Nexus  
Tags
 
Add a new tag
Caveats
  • Supply blocks, unpowered buildings, or Contaminate may cause inaccurate times.
  • Supply counts are checked every 10 seconds.